Map: Jagannatha LE

Players

milkicow

  • Race: Terran Terran
  • League: Grandmaster
  • Spawn Location: 7:00

Serral - Winner!

  • Race: Zerg Zerg
  • League: Grandmaster
  • Spawn Location: 1:00

Event: DreamHack SC2 Masters 2020 Winter

VOD

Have the link to the VOD?

Description

Time

  • Played on: Oct. 30, 2020, 12:08 p.m.
  • Length: 4:22

All games in this series

Show
View Real Time Build Order
Export as new Build Order

milkicow Terran 

Build Orders: Command Center First (CC) 

Get SALT Encoding   

  12  0:00  SCV  
  13  0:12  SCV  
  14  0:17  Supply Depot  
  14  0:24  SCV  
  15  0:41  SCV  
  16  0:56  SCV  
  17  1:03  Command Center  
  17  1:10  SCV  
  18  1:22  SCV, Barracks  
  19  1:30  Refinery  
  19  1:34  SCV  
  19  1:38  Refinery  
  20  1:47  SCV  
  21  1:59  SCV  
  22  2:09  Marine  
  22  2:12  Orbital Command  
  22  2:13  Supply Depot  
  23  2:18  Orbital Command  
  23  2:27  Factory  
  23  2:30  Marine  
  24  2:37  SCV  
  25  2:47  SCV  
  25  2:49  Bunker, SCV  
  27  2:51  Barracks Reactor  
  27  2:59  SCV  
  27  3:02  SCV  
  29  3:11  Factory Tech Lab  
  29  3:12  SCV  
  30  3:14  Starport  
  30  3:17  Bunker  
  30  3:21  SCV  
  30  3:25  SCV  
  32  3:27  Marine x2  
  32  3:30  Cyclone  
  32  3:31  Supply Depot  
  35  3:52  Marine x2  
  35  3:53  SCV x2  
  36  4:05  SCV x2  
Show
View Real Time Build Order
Export as new Build Order

Serral Zerg - Winner!

Build Orders: Pool First 

Get SALT Encoding   

  12  0:00  Drone  
  13  0:11  Overlord  
  13  0:16  Drone  
  14  0:30  Drone x2  
  14  0:34  Drone  
  17  0:44  Spawning Pool  
  17  0:48  Drone  
  17  1:11  Drone  
  17  1:13  Extractor  
  17  1:18  Hatchery  
  16  1:22  Drone  
  17  1:26  Drone  
  17  1:31  Zergling x2  
  19  1:35  Roach Warren  
  18  1:44  Queen  
  20  1:50  Drone  
  21  1:56  Overlord  
  21  2:15  Roach x2  
  25  2:21  Roach  
  27  2:24  Queen  
  31  2:30  Roach  
  31  2:35  Overlord  
  31  2:42  Roach  
  33  2:46  Drone  
  35  2:51  Roach  
  35  2:55  Drone  
  35  2:56  Drone  
  37  3:05  Drone x2  
  37  3:09  Ravager  
  37  3:11  Overlord  
  40  3:16  Drone  
  40  3:18  Drone  
  42  3:21  Drone  
  43  3:28  Ravager  
  43  3:31  Drone x3  
  47  3:35  Drone x2  
  47  3:40  Overlord  
  49  3:45  Drone  
  50  3:50  Drone  
  50  3:51  Drone  
  52  4:00  Drone  
  52  4:02  Drone  
  54  4:06  Drone  
  54  4:07  Drone  
  54  4:09  Ravager  
Tags
 
Add a new tag
Caveats
  • Supply blocks, unpowered buildings, or Contaminate may cause inaccurate times.
  • Supply counts are checked every 10 seconds.